Unix NetHack Version 5.0.0-0 post-release - last build May  4 2026 22:22:43 (774f63e81ad911689b3a0859ea89b322d5daca8d,branch:main).

Game began 2026-05-06 06:48:09, ended 2026-05-06 07:10:59.

01246791210, neutral male human Barbarian

                      ---.--
                      |...<|
                      --...|
                       .....
                       .........
                       .....*.@.
                       .........

01246791210 the Pillager   St:17 Dx:17 Co:18 In:7 Wi:10 Ch:6  Neutral
Dlvl:5  $:66 HP:0(38) Pw:11(11) AC:7  Xp:4 T:3187 

Latest messages:
 In what direction? 2
 Thwack!!
 In what direction? 2
 As you kick the door, it crashes open!
 You miss the sewer rat.
 The sewer rat bites!
 You kill the sewer rat!
 There is a broken door here.
 You see here a sewer rat corpse.
 You see here 9 gold pieces.
 $ - 9 gold pieces (64 in total).
 There is a broken door here.
 You see here a sewer rat corpse.
 $ - 2 gold pieces (66 in total).
 You have a little trouble lifting a large box.  Continue? [ynq] (q) n
 You climb up the stairs.
 The gnome hits!
 The gnome hits!
 The gnome hits!
 You descend the stairs.
 You hear an A note squeak in the distance.
 The gnome lord hits!
 You smite the gnome lord!
 You miss the gnome lord.
 The gnome lord hits!
 You kill the gnome lord!
 v - 11 crossbow bolts.
 w - a crossbow.
 You kill the gnome!
 An arrow misses you.
 You see here an arrow.
 x - an arrow.
 You miss the gnome.
 You hear a nearby zap.
 The wand hits the gnome!
 The gnome is killed!
 The wand misses you.
 The gnome hits!
 You see here a red gem.
 You hear a nearby zap.
 The wand hits you!
 The wand hits it!
 You hear a nearby zap.
 The wand hits you!
 You die...
 Do you want your possessions identified? [ynq] (y) n
 Do you want to see your attributes? [ynq] (y) n
 Do you want an account of creatures vanquished? [ynaq] (y) n
 Do you want to see your conduct and achievements? [ynq] (y) n
 Do you want to see the dungeon overview? [ynq] (y) n

Inventory:
 Coins    ('$')
  $ - 66 gold pieces
 Weapons  (')')
  x - a +0 arrow
  v - 11 +0 crossbow bolts
  w - a +0 crossbow
  n - a +0 orcish dagger
  b - a +0 axe (alternate weapon; not wielded)
  a - a +0 two-handed sword (weapon in hands)
 Armor    ('[')
  c - an uncursed +0 ring mail (being worn)
 Comestibles  ('%')
  r - an uncursed partly eaten food ration
  t - an uncursed lembas wafer
 Scrolls  ('?')
  o - an uncursed scroll of confuse monster
  i - an uncursed scroll of light
 Potions  ('!')
  k - an uncursed potion of gain level
  j - an uncursed potion of speed
 Rings    ('=')
  g - a cursed ring of polymorph
 Gems/Stones  ('*')
  m - 9 uncursed rocks
 Boulders/Statues  ('`')
  e - an empty uncursed statue of a newt

01246791210 the Barbarian's attributes:

Background:
 You were a Pillager, a level 4 male human Barbarian.
 You were neutral, nominally on a mission for Crom
 who was opposed by Mitra (lawful) and Set (chaotic).
 You were right-handed.
 You were in the Gnomish Mines, on level 5.
 You entered the dungeon 3187 turns ago.
 You had 103 experience points, 57 more were needed to attain level 5.

Basics:
 You had 0 out of 38 hit points.
 You had all 11 energy points (spell power).
 Your armor class was 7.
 Your wallet contained 66 zorkmids.
 Autopickup was off.

Final Characteristics:
 Your strength was 17 (limit:18/100).
 Your dexterity was 17 (limit:18).
 Your constitution was 18 (limit:18).
 Your intelligence was 7 (limit:18).
 Your wisdom was 10 (limit:18).
 Your charisma was 6 (limit:18).

Final Status:
 You weren't hungry.
 You were unencumbered.
 You were wielding a two-handed sword.
 You had basic skill with two-handed sword.

Final Attributes:
 You were piously aligned.
 You were poison resistant.
 You were warded.
 You are dead.

Miscellaneous:
 You didn't encounter any bones levels.
 Total elapsed playing time was 22 minutes and 49 seconds.

Major events:
 Turn
    1: 01246791210 the neutral male human Barbarian entered the dungeon
 2424: attained the rank of Pillager (level 3)
 3164: entered the Gnomish Mines
 3187: killed by a wand

You didn't know any spells.

Skills:
 Fighting Skills
   bare handed combat [Basic]
   two weapon combat  [Unskilled]
   riding             [Unskilled]
 Weapon Skills
   dagger             [Unskilled]
   axe                [Basic]
   pick-axe           [Unskilled]
   short sword        [Unskilled]
   broadsword         [Unskilled]
   long sword         [Unskilled]
   two-handed sword   [Basic]
   saber              [Unskilled]
   club               [Unskilled]
   mace               [Unskilled]
   morning star       [Unskilled]
   flail              [Unskilled]
   hammer             [Unskilled]
   quarterstaff       [Unskilled]
   spear              [Unskilled]
   trident            [Unskilled]
   bow                [Unskilled]
 Spellcasting Skills
   attack spells      [Unskilled]
   escape spells      [Unskilled]

Voluntary challenges:
 Character rerolling was not enabled.
 You followed a strict vegan diet.
 You were an atheist.
 You were illiterate.
 You never genocided any monsters.
 You never polymorphed an object.
 You never changed form.
 You used no wishes.
Achievements:
 You entered a shop.
 You attained the rank of Pillager.
 You entered the Gnomish Mines.

 The Dungeons of Doom: levels 1 to 5
    Level 1:
       Some fountains.
    Level 2:
       A tool shop.
    Level 3:
       A fountain.
    Level 4:
       A fountain.
       Stairs down to The Gnomish Mines.
    Level 5:
 The Gnomish Mines:
    Level 5: <- You were here.
       Final resting place for
          you, killed by a wand.


Vanquished creatures:
  a gnome leader
  a giant bat
  a coyote
  a gas spore
  2 giant rats
  a yellow mold
  3 gnomes
  2 geckos
 10 jackals
  2 foxes
  a kobold
  a goblin
  6 sewer rats
 10 grid bugs
  4 lichens
  9 newts
55 creatures vanquished.

No species were genocided or became extinct.

Game over:
                       ----------
                      /          \
                     /    REST    \
                    /      IN      \
                   /     PEACE      \
                  /                  \
                  |   01246791210    |
                  |      66 Au       |
                  | killed by a wand |
                  |                  |
                  |                  |
                  |                  |
                  |       2026       |
                 *|     *  *  *      | *
        _________)/\\_//(\/(/\)/\//\/|_)_______

Goodbye 01246791210 the Barbarian...

You died in The Gnomish Mines on dungeon level 5 with 672 points,
and 66 pieces of gold, after 3187 moves.
You were level 4 with a maximum of 38 hit points when you died.

